 Dungeon Crawl Stone Soup version 0.30-a0-54-g2e61a25929 (webtiles) character file.

Game seed: 17654532356916234770

57 Newt the Cudgeller (level 3, -3/36 HPs)
             Began as a Troll Fighter on Sept 7, 2022.
             Slain by Crazy Yiuf
             ... wielding a +4 quarterstaff of chaos
              (13 damage)
             ... on level 2 of the Dungeon.
             The game lasted 00:01:30 (1724 turns).

Newt the Cudgeller (Troll Fighter)                  Turns: 1724, Time: 00:01:31

Health: -3/36      AC:  5    Str: 26    XL:     3   Next: 73%
Magic:  0/2        EV: 12    Int:  4    God:
Gold:   91         SH:  7    Dex:  9    Spells: 2/2 levels left

rFire   . . .      SeeInvis .    a - +1 flail (freeze)
rCold   . . .      Faith    .    c - +0 kite shield
rNeg    + . .      Spirit   .    b - +0 robe
rPois   .          Reflect  .    (helmet restricted)
rElec   .          Harm     .    k - +0 cloak
rCorr   .          Rampage  .    (gloves unavailable)
Will    .....                    (boots unavailable)
Stlth   +.........               (no amulet)
HPRegen 0.92/turn                g - ring of positive energy
MPRegen 0.08/turn                p - +4 ring of evasion

@: no status effects
A: large, unfitting armour, claws 3, regeneration 1, shaggy fur 1, tough skin 1
a: no special abilities


You were on level 2 of the Dungeon.
You visited 1 branch of the dungeon, and saw 2 of its levels.

You collected 91 gold pieces.

Inventory:

Hand Weapons
 a - a +1 flail of freezing (weapon)
Armour
 b - a +0 robe (worn)
 c - a +0 kite shield (worn)
 k - a +0 cloak (worn)
Jewellery
 g - a ring of positive energy (left claw)
 h - an amulet of magic regeneration
 p - a +4 ring of evasion (right claw)
Scrolls
 f - a scroll of poison
 i - 2 scrolls of enchant weapon
Potions
 d - 2 potions of might
 e - 4 potions of flight
 j - a potion of cancellation
 l - 2 potions of lignification {unknown}
 n - a potion of curing {unknown}
 o - 2 potions of haste {unknown}


   Skills:
 - Level 2.4 Fighting
 + Level 3.7 Maces & Flails
 - Level 2.4 Dodging
 - Level 2.6 Shields


You had 2 spell levels left.
You didn't know any spells.
Your spell library contained the following spells:

 Spells                   Type           Power      Damage    Failure   Level
 Shock                    Conj/Air       0%         1d3       80%         1
 Swiftness                Air            0%         N/A       99%         3
 Airstrike                Air            0%         2d(0-16)  100%        4


Dungeon Overview and Level Annotations

Branches:
Dungeon (2/15)

Altars:

Shops:
D:2 =

Annotations:
D:2 Crazy Yiuf


Innate Abilities, Weirdness & Mutations

You are too large for most types of armour.
You have claws for hands.
Your natural rate of healing is unusually fast.
You are covered in fur. (AC +1)
You have tough skin. (AC +1)


Message History

There is an open door here.
There is a stone staircase leading up here.
There is an open door here.
There is an open door here.
There is a stone staircase leading down here.
You open the door. You open the door.
There is an open door here.
You now have 91 gold pieces (gained 6).
There is an open door here.
Found a hammer.
Found a runed translucent door.
As you read the scroll labelled FONNUR AZAILA, it crumbles to dust.
You feel strangely unstable.
It was a scroll of teleportation.
Your surroundings suddenly seem different.
You open the door.
There is an open door here.
There is an open door here.
There is an open door here.
You see here a bat skeleton.
There is an open door here.
You open the door.
Crazy Yiuf shouts!
Could not explore, unopened runed door.
Could not explore, unopened runed door.
Could not explore, unopened runed door.
Could not explore, unopened runed door.
You open the door. You barely miss Crazy Yiuf.
Crazy Yiuf hits you with a +4 quarterstaff of chaos.
Crazy Yiuf burns you.
You closely miss Crazy Yiuf.
Crazy Yiuf hits you with a +4 quarterstaff of chaos!
You feel your power leaking away.
You hit Crazy Yiuf. You freeze Crazy Yiuf.
Crazy Yiuf is moderately wounded.
Crazy Yiuf hits you with a +4 quarterstaff of chaos!
Crazy Yiuf freezes you.
* * * LOW HITPOINT WARNING * * *
Crazy Yiuf hits you with a +4 quarterstaff of chaos!
You die...

#....# ##.#
##..## #.##
♣...P♣
#..########
♣♣PP.♣
##.......#.
♣♣.♣♣
##......#. ♣♣.♣
#......#. ♣.♣♣
###......#.
######### ♣♣.♣
#........+.
........# ♣@♣♣
#.#......#.
#######.####
#g#
##........#.
...........#
...
#'..........
...........#
#...#
####.....###
....#....###
#)..# #.....# #
###.#....#
##### #.....# #
.........#
#.....# #
###.##...######
###### #.#####
#
.<#.###'###...#
#....# #.# #


You could see Crazy Yiuf.

Vanquished Creatures
  2 adders (D:2)
  2 dart slugs
  A ball python (D:1)
  2 endoplasms (D:1)
  2 giant cockroaches (D:1)
  3 goblins (D:1)
  2 hobgoblins
  4 jackals (D:1)
  2 quokkas (D:1)
  6 bats
  A kobold (D:1)
  6 rats (D:1)
33 creatures vanquished.

Notes
Turn   | Place    | Note
-------+----------+-------------------------------------------
     0 | D:1      | Newt the Troll Fighter began the quest for the Orb.
     0 | D:1      | Reached XP level 1. HP: 22/22 MP: 0/0
    30 | D:1      | Reached skill level 2 in Maces & Flails
   437 | D:1      | Reached XP level 2. HP: 29/29 MP: 1/1
   477 | D:1      | Found a faded altar of an unknown god.
   610 | D:1      | Reached skill level 3 in Maces & Flails
   674 | D:1      | Reached XP level 3. HP: 31/36 MP: 2/2
  1253 | D:2      | Found Hymn's Jewellery Emporium.
  1616 | D:2      | Found a runed translucent door.
  1618 | D:2      | Noticed Crazy Yiuf
  1724 | D:2      | Slain by Crazy Yiuf

Illustrated notes

Levels and vault maps discovered:
D:1:      ncdulo_halloftheorcs, layout_loops_ring,
          shapermc_ecumenical_altar_notcrosses
D:2:      layout_basic, serial_shops, nicolae_diamond_shop,
          uniq_crazy_yiuf_cottage

Skill      XL: |  1  2 |
---------------+-------+-----
Maces & Flails | 2 3 |  3.7
Fighting       | |  2.4
Dodging        | |  2.4
Shields        | |  2.6

Action                   || total
-------------------------++-------
Melee: Flail             ||   102
  Use: Scroll            ||     6
Armor: Robe              ||    49
Dodge: Dodged            ||    44
Block: Kite shield       ||    40

Table legend: (Time is in decaauts)
 A = Elapsed time spent in this place.
 B = Non-inter-level travel time spent in this place.
 C = Inter-level travel time spent in this place.
 D = Time resting spent in this place.
 E = Time spent auto-exploring this place.
 F = Levels seen in this place.
 G = Mean time per level.
                   A        B        C        D        E       F      G
               +--------+--------+--------+--------+--------+-----+--------+
         Total |   1761 |   1681 |     80 |    302 |   1117 |   2 |  880.5 |
       Dungeon |   1761 |   1681 |     80 |    302 |   1117 |   2 |  880.5 |
               +--------+--------+--------+--------+--------+-----+--------+

Top non-repeatable levels by time:
     D:1: 1028 daAuts
     D:2: 733 daAuts
